 Dungeon Crawl Stone Soup version 0.28.0-53-g5a82cb258f (webtiles) character file.

Game seed: 5650904586492664727

422 cbfl8 the Chopper (level 6, -1/55 HPs)
             Began as a Minotaur Berserker on Oct 18, 2022.
             Was a Believer of Trog.
             Killed from afar by an orc wizard (6 damage)
             ... with a magic dart
             ... on level 4 of the Dungeon on Nov 3, 2022.
             The game lasted 00:04:52 (3705 turns).

cbfl8 the Chopper (Minotaur Berserker)              Turns: 3705, Time: 00:04:53

Health: -1/55      AC:  6    Str: 21    XL:     6   Next: 63%
Magic:  6/6        EV:  6    Int:  4    God:    Trog [**....]
Gold:   125        SH: 10    Dex: 12    Spells: 5/5 levels left

rFire   . . .      SeeInvis .   a - +0 hand axe
rCold   . . .      Faith    .   t - +0 tower shield
rNeg    . . .      Spirit   .   s - +0 scale mail
rPois   .          Reflect  .   (helmet restricted)
rElec   .          Harm     .   (no cloak)
rCorr   .          Rampage  .   (no gloves)
Will    +++..                   (no boots)
Stlth   +.........              (no amulet)
HPRegen 1.18/turn               j - ring of willpower
MPRegen 0.10/turn               (no ring)

@: strong-willed, on berserk cooldown, regenerating
A: horns 2, retaliatory headbutt
a: Renounce Religion, Berserk, Trog's Hand


You were on level 4 of the Dungeon.
You worshipped Trog.
Trog was pleased with you.
You visited 1 branch of the dungeon, and saw 4 of its levels.

You collected 125 gold pieces.

Inventory:

Hand Weapons
 a - a +0 hand axe (weapon)
 o - the +1 hunting sling of Idaxone {speed, rF- Will- rCorr Str+9}
   (You found it on level 2 of the Dungeon)

   Attacks with this weapon are significantly faster.
   Str:       It affects your strength (+9).
   rF:        It makes you vulnerable to fire.
   rCorr:     It protects you from acid and corrosion.
   Will:      It decreases your willpower.
Missiles
 r - 4 stones (quivered)
Armour
 s - a +0 scale mail (worn)
 t - a +0 tower shield (worn)
Jewellery
 j - a ring of willpower (left hand)
Wands
 b - a wand of digging (3)
Scrolls
 d - 3 scrolls of identify {unknown}
 e - a scroll of immolation
 i - a scroll of brand weapon {unknown}
 k - a scroll of amnesia {unknown}
 l - a scroll of vulnerability {unknown}
 n - a scroll of blinking {unknown}
Potions
 c - a potion of brilliance {unknown}
 f - a potion of ambrosia {unknown}
 g - a potion of haste {unknown}
 h - a potion of mutation {unknown}
 m - 2 potions of invisibility
 p - a potion of curing {unknown}
 q - a potion of cancellation {unknown}


   Skills:
 * Level 4.9 Fighting
 + Level 5.8 Axes
 + Level 1.2 Slings
 + Level 3.0 Armour
 * Level 4.0 Dodging
 * Level 2.1 Stealth
 * Level 1.4 Invocations


You had 5 spell levels left.
You didn't know any spells.
Your spell library was empty.

Dungeon Overview and Level Annotations

Branches:
Dungeon (4/15)
 Temple: D:4-7

Altars:


Innate Abilities, Weirdness & Mutations

You have a pair of horns on your head.
You reflexively headbutt those who attack you in melee.


Message History

You kill the gnoll!
Trog accepts your kill.
You hear some strange, mumbled words.
A puff of flame appears from out of thin air!
The puff of flame hits you.
You hit something but do no damage. You headbutt something!
Something hits you but does no damage. Something hits you.
You closely miss something. You block something's attack.
Something hits you. x2
You closely miss something. Your headbutt misses something.
Something hits you but does no damage. x2
You miss something. Something hits you.
* * * LOW HITPOINT WARNING * * *
Something hits you but does no damage.
You closely miss something. Something hits you.
* * * LOW HITPOINT WARNING * * *
Something hits you.
* * * LOW HITPOINT WARNING * * *
You miss something.
You feel yourself speed up.
You hear some strange, mumbled words.
Something tries to affect you, but you resist.
Something hits you but does no damage.
You hit something. Something hits you but does no damage. Something hits you.
* * * LOW HITPOINT WARNING * * *
You barely miss something.
You hear some strange, mumbled words.
A magic dart appears from out of thin air!
The magic dart hits you.
* * * LOW HITPOINT WARNING * * *
You hit something but do no damage. Something hits you but does no damage.
You hear some strange, mumbled words.
A puff of flame appears from out of thin air!
You block the puff of flame.
Your skin crawls.
You feel strong-willed. Something hits you.
* * * LOW HITPOINT WARNING * * *
A magic dart appears from out of thin air!
The magic dart hits you.
You die...

#.####.## #..#
#.(###..###.... #
##....<.....##...
######.##......#
#.....#... . ###.#.#.####
.. .........# #.##
#####..........#####....#
................@.{)....#
###............#######.##
....#...........
.##############.. .# ##
... ## .### #. ## #. . #.


There were no monsters in sight!

Vanquished Creatures
  Edmund (D:4)
  A bullfrog (D:4)
  A gnoll shaman (D:4)
  Jessica (D:3)
  Ijyb (D:3)
  An orc wizard (D:4)
  4 gnolls (D:4)
  4 adders
  2 dart slugs
  2 orcs
  8 endoplasms
  2 giant cockroaches
  2 goblins
  8 hobgoblins
  4 quokkas
  7 ball pythons
  5 bats
  2 frilled lizards (D:1)
  5 kobolds
  5 rats
66 creatures vanquished.

Notes
Turn   | Place    | Note
-------+----------+-------------------------------------------
     0 | D:1      | cbfl8 the Minotaur Berserker began the quest for the Orb.
     0 | D:1      | Reached XP level 1. HP: 19/19 MP: 0/0
   155 | D:1      | Found a faded altar of an unknown god.
   181 | D:1      | Reached XP level 2. HP: 21/27 MP: 1/1
   405 | D:1      | Reached skill level 4 in Axes
  1376 | D:2      | Reached XP level 3. HP: 27/33 MP: 2/2
  1514 | D:2      | Identified the +1 hunting sling of Idaxone {speed, rF-
                  | Will- rCorr Str+9}
  1774 | D:3      | Reached ** piety under Trog
  1902 | D:3      | Noticed Jessica
  1906 | D:3      | Killed Jessica
  1907 | D:3      | Reached XP level 4. HP: 40/40 MP: 3/3
  2020 | D:3      | Noticed Ijyb
  2050 | D:3      | Killed Ijyb
  2051 | D:3      | Reached skill level 1 in Stealth
  2504 | D:3      | Reached skill level 5 in Axes
  2888 | D:4      | Noticed a bullfrog
  2904 | D:4      | Killed a bullfrog
  2905 | D:4      | Reached XP level 5. HP: 40/47 MP: 4/4
  2916 | D:4      | Noticed Edmund
  2927 | D:4      | Killed Edmund
  2928 | D:4      | Reached skill level 1 in Slings
  2928 | D:4      | Reached XP level 6. HP: 46/53 MP: 5/5
  3671 | D:4      | Reached skill level 1 in Invocations
  3703 | D:4      | HP: 2/55 [something (4)]
  3705 | D:4      | Killed from afar by an orc wizard

Illustrated notes

Levels and vault maps discovered:
D:1:      dpeg_arrival_round_a, layout_basic, hellmonk_ecumenical_altar_blasted
D:2:      layout_rooms
D:3:      layout_basic, st_stairs_2, uniq_jessica, uniq_ijyb
D:4:      layout_rooms, minitemple, uniq_edmund

Skill      XL: |  1  2  3  4  5  6 |
---------------+-------------------+-----
Axes           | 4 5 |  5.8
Fighting       | 4 |  4.9
Dodging        | 3 4 |  4.0
Stealth        | 1 2 |  2.1
Slings         | 1 |  1.2
Invocations    | 1 |  1.4
Armour         | 3 |  3.0

Action                   |  1- 3 |  4- 6 || total
-------------------------+-------+-------++-------
Melee: Hand axe          |    64 |   113 ||   177
       Headbutt          |    10 |    15 ||    25
       Punch             |       |     1 ||     1
 Fire: Hunting sling     |       |     6 ||     6
Invok: Berserk           |       |     3 ||     3
       Trog's Hand       |       |     1 ||     1
 Stab: Distracted        |       |     1 ||     1
Armor: Animal skin       |    10 |     4 ||    14
       Scale mail        |       |    26 ||    26
Dodge: Dodged            |    47 |    47 ||    94
Block: Tower shield      |       |    14 ||    14
